 Dungeon Crawl Stone Soup version 0.24.1-14-gf8d2b509d9 (webtiles) character file.

Game seed: 3530730212407728688, levelgen mode: deterministic

11281 mortelune the Merchant of Misery (level 11, -3/86 HPs)
             Began as a Mummy Necromancer on Oct 4, 2020.
             Was a Believer of Kikubaaqudgha.
             Slain by an unseen horror (5 damage)
             ... on level 10 of the Dungeon.
             The game lasted 00:46:44 (16712 turns).

mortelune the Merchant of Misery (MuNe)            Turns: 16712, Time: 00:46:44

Health: -3/86      AC:  9    Str: 15    XL:     11   Next: 47%
Magic:  6/23       EV: 16    Int: 17    God:    Kikubaaqudgha [**....]
Gold:   280        SH:  0    Dex: 12    Spells: 18/26 levels left

rFire    x . .     SeeInvis .   P - +4 scimitar (flame)
rCold    + + +     Gourm    .   (no shield)
rNeg     + + +     Faith    .   Q - +2 robe {rC+ rF+}
rPois    ∞         Spirit   .   o - +2 hat
rElec    .         Reflect  .   z - +0 cloak
rCorr    .         Harm     .   C - +0 pair of gloves
MR       +....                  d - +0 pair of boots
Stlth    ++........             (no amulet)
HPRegen  0.24/turn              h - +2 ring of strength
MPRegen  0.18/turn              p - ring of ice

@: about to teleport, very slightly contaminated, studying Ice Magic
A: no food or potions, fire vulnerability, cold resistance 1, negative energy
resistance 3, torment resistance, unbreathing
a: Receive Corpses, Renounce Religion


You were on level 10 of the Dungeon.
You worshipped Kikubaaqudgha.
Kikubaaqudgha was pleased with you.
You were not hungry.

You visited 2 branches of the dungeon, and saw 11 of its levels.
You also visited: Sewer.

You collected 430 gold pieces.
You spent 150 gold pieces at shops.

Inventory:

Hand Weapons
 q - a +0 quick blade
 P - a +4 scimitar of flaming (weapon)
Missiles
 j - 31 poisoned darts (quivered)
Armour
 a - a +0 robe
 d - a +0 pair of boots (worn)
 m - a +0 cloak
 o - a +2 hat (worn)
 y - the +2 robe "Feraimat" {Dex+3}
   (You found it on level 8 of the Dungeon)

   It affects your dexterity (+3).
 z - a +0 cloak (worn)
 C - a +0 pair of gloves (worn)
 G - a +2 scale mail of poison resistance
 L - the +3 ring mail of the Distant Future {rF- rN+ Regen+}
   (You found it on level 9 of the Dungeon)

   It makes you vulnerable to fire.
   It protects you from negative energy.
   It increases your rate of regeneration.
 Q - a +2 robe of resistance (worn)
Magical Staves
 l - an uncursed staff of fire {unknown}
 r - an uncursed staff of wizardry {unknown}
 N - an uncursed staff of fire {unknown}
Jewellery
 c - an uncursed amulet of the gourmand {unknown}
 h - a +2 ring of strength (left hand)
 i - a +4 amulet of reflection {unknown}
 p - a ring of ice (right hand)
Wands
 x - a wand of iceblast (3)
 D - a wand of random effects (18)
 F - a wand of flame (12)
 J - a wand of enslavement (5)
 K - a wand of polymorph (8)
Scrolls
 b - 4 scrolls of magic mapping
 e - 2 scrolls of fear
 f - 2 scrolls of fog
 k - 2 scrolls of enchant armour
 s - 2 scrolls of noise
 t - 3 scrolls of teleportation
 v - a scroll of immolation
 w - a scroll of holy word
 B - a scroll of blinking
 H - a scroll of amnesia {unknown}
 M - a scroll of vulnerability {unknown}
 O - a scroll of remove curse
Books
 E - a manual of Ice Magic


   Skills:
 + Level 8.1 Fighting
 - Level 3.7(3.8) Short Blades
 + Level 1.2(2.6) Long Blades
 + Level 1.2 Armour
 - Level 7.2 Dodging
 - Level 1.5 Stealth
 - Level 8.0 Spellcasting
 * Level 12.0 Necromancy


You had 18 spell levels left.
You knew the following spells:

 Your Spells              Type           Power        Failure   Level  Hunger
a - Pain                  Necr           ####         1%          1    N/A
b - Vampiric Draining     Necr           #####.....   1%          3    N/A
c - Animate Dead          Necr           N/A          1%          4    N/A

Your spell library contained the following spells:

 Spells                   Type           Power        Failure   Level  Hunger
 Animate Skeleton         Necr           N/A          1%          1    N/A
 Corpse Rot               Necr           N/A          1%          2    N/A
 Apportation              Tloc           #.....       11%         1    N/A
 Confusing Touch          Hex            #.....       11%         1    N/A
 Summon Small Mammal      Summ           #...         11%         1    N/A
 Regeneration             Chrm/Necr      Unusable     N/A         3    N/A

Dungeon Overview and Level Annotations

Branches:
Dungeon (10/15)            Temple (1/1) D:6             Orc (0/2) D:9
  Sewer (visited)
   Lair: D:8-11

Altars:
Ashenzari
Cheibriados
Dithmenos
Elyvilon
Fedhas
Gozag
Hepliaklqana
Kikubaaqudgha
Makhleb
Nemelex Xobeh
Okawaru
Qazlal
Ru
Sif Muna
Trog
Uskayaw
Vehumet
Wu Jian
Xom
Yredelemnul
Zin
The Shining One
Lugonu

Shops:
D:6 (   D:7 [   D:9 %=*:

Annotations:
D:2 Sigmund
D:4 2 transporters, Hugehornet's ghost, amateur TrWz


Innate Abilities, Weirdness & Mutations

You do not eat or drink.
Your flesh is vulnerable to fire.
You are immune to poison.
Your flesh is cold resistant. (rC+)
You are immune to negative energy. (rN+++)
You are immune to unholy pain and torment.
You can survive without breathing.


Message History

The orc wizard barely misses you.
Casting: Vampiric Draining (safe; 1% risk of failure)
Confirm with . or Enter, or press ? or * to list all spells.
Aiming: Vampiric Draining (safe; 1% risk of failure)
Press: ? - help, Shift-Dir - straight line, f/p - orc wizard
Aim: an orc wizard, wielding a -1 dagger and wearing a +0 robe (moderately wounded)
You kill the orc wizard!
Kikubaaqudgha accepts your kill.
You feel life coursing into your body. Something hits you!
* * * LOW HITPOINT WARNING * * *
Something hits you.
* * * LOW HITPOINT WARNING * * *
Blink to where?
Press: ? - help, Dir - move target cursor You are very lightly contaminated with residual magic.
As you read the scroll of blinking, it crumbles to dust.
As you read the scroll of teleportation, it crumbles to dust.
You feel strangely unstable. Something hits you.
You die...
Kikubaaqudgha rasps: "You have failed me!
Welcome... oblivion!"

.. #)...# #......#
#....# #......#
#..### #(.....# #..#
#......# #..#
#......# #..#
#......# #..#
###+#......######..#
................@..#
...........#'####..#
...........#....#..#
...........#....#..#
...........#....#..#
####.......#....#..#
...#.......#....+..#
...#.......######..#
...#######...


There were no monsters in sight!

Vanquished Creatures
  Harold (D:7)
  Erolcha (D:9)
  Erica (D:9)
  2 two-headed ogres
  Pikel (D:5)
  Maurice (D:9)
  A gargoyle (D:10)
  14 yaks
  A hungry ghost (D:9)
  Grum (D:8)
  A steam dragon (D:9)
  An orc warrior (D:10)
  2 black bears (D:7)
  3 sky beasts
  4 ogres
  A phantom (D:9)
  3 ice beasts (D:10)
  3 wolves
  A centaur (D:7)
  A crocodile (D:8)
  A big kobold (D:9)
  4 bullfrogs
  Blork the orc (D:5)
  2 gnoll sergeants
  2 troll zombies (D:9)
  5 scorpions
  11 wights
  A howler monkey (D:8)
  2 jellies
  A crimson imp (D:8)
  3 bullfrog zombies
  3 hounds
  5 orc priests
  8 orc wizards
  5 worker ants
  A killer bee zombie (D:9)
  A hound zombie (D:6)
  6 ogre zombies (D:9)
  A worker ant zombie (D:9)
  9 gnolls
  16 adders
  An ooze (D:7)
  2 adder skeletons (D:9)
  2 worms
  4 leopard geckos
  21 orcs
  3 bat skeletons (D:7)
  A bat zombie (D:7)
  5 giant cockroaches
  8 goblins
  6 hobgoblins
  8 kobolds
  2 quokkas
  5 ball pythons (Sewer)
  3 bats
  7 frilled lizards
  A goblin skeleton (D:9)
  2 hobgoblin skeletons (D:9)
  6 hobgoblin zombies (D:9)
  2 jackal skeletons
  An orc skeleton (D:9)
  13 orc zombies (D:9)
  2 rats
237 creatures vanquished.

Vanquished Creatures (collateral kills)
  A hornet (D:8)
  A necrophage (D:7)
  An ogre (D:8)
  A wight (D:7)
  2 bullfrog skeletons
  A centaur skeleton (D:8)
  3 gnolls (D:5)
  An adder zombie (D:7)
  An orc (D:5)
  A frilled lizard (Sewer)
13 creatures vanquished.

Vanquished Creatures (others)
  2 slaves (D:5)
  An ogre (D:9)
  A howler monkey (D:5)
  An iguana (D:5)
  An orc wizard (D:4)
  4 gnolls (D:5)
  An adder (D:9)
  A hobgoblin zombie (D:9)
12 creatures vanquished.

Grand Total: 262 creatures vanquished

Notes
Turn   | Place    | Note
-------+----------+-------------------------------------------
     0 | D:1      | mortelune the Mummy Necromancer began the quest for the
                  | Orb.
     0 | D:1      | Reached XP level 1. HP: 13/13 MP: 4/4
   310 | D:1      | Reached XP level 2. HP: 20/20 MP: 2/5
   922 | D:2      | Reached skill level 1 in Fighting
   922 | D:2      | Reached XP level 3. HP: 26/26 MP: 2/7
  1271 | D:2      | Reached XP level 4. HP: 32/32 MP: 0/9
  1355 | D:2      | Learned a level 3 spell: Vampiric Draining
  1360 | D:2      | Learned a level 4 spell: Animate Dead
  1555 | D:2      | Found a bloodstained altar of Trog.
  1568 | D:2      | Reached skill level 5 in Necromancy
  1738 | D:2      | Noticed Sigmund
  1808 | D:3      | Reached XP level 5. HP: 37/38 MP: 3/11
  2474 | D:3      | HP: 1/39 [orc priest/divine providence (13)]
  3334 | D:4      | Reached XP level 6. HP: 46/46 MP: 8/12
  3380 | D:4      | Reached skill level 6 in Necromancy
  3836 | D:4      | Found a transporter.
  3842 | D:4      | Found a transporter.
  3842 | D:4      | Noticed Hugehornet's ghost (amateur TrWz)
  3887 | D:4      | Reached skill level 5 in Spellcasting
  4083 | D:4      | Reached XP level 7. HP: 52/52 MP: 11/14
  4753 | D:5      | Entered Level 5 of the Dungeon
  4763 | D:5      | Reached skill level 7 in Necromancy
  4827 | D:5      | Noticed Pikel
  5370 | D:5      | Killed Pikel
  5370 | D:5      | Reached XP level 8. HP: 11/61 MP: 0/17
  5477 | D:5      | HP: 3/61 [gnoll/+0 flail (5)]
  5898 | D:5      | Reached skill level 8 in Necromancy
  5901 | D:5      | Noticed Blork the orc
  5906 | D:5      | Killed Blork the orc
  6411 | D:6      | Found a sacrificial altar of Ru.
  6458 | D:6      | Found Zimenil's Weapon Shoppe.
  6462 | D:6      | Bought a +0 quick blade for 150 gold pieces
  6612 | D:7      | Found a shattered altar of Ashenzari.
  6642 | D:7      | Found an opulent altar of Gozag.
  6642 | D:7      | Found a white marble altar of Elyvilon.
  6643 | D:7      | Found a sparkling altar of Nemelex Xobeh.
  6643 | D:7      | Found a snail-covered altar of Cheibriados.
  6643 | D:7      | Found a shadowy altar of Dithmenos.
  6644 | D:7      | Found a hazy altar of Hepliaklqana.
  6644 | D:7      | Noticed Harold
  6696 | D:6      | Found a glowing drain.
  6708 | Sewer    | Entered a sewer
  7329 | D:6      | Reached skill level 5 in Fighting
  7338 | D:6      | Found a staircase to the Ecumenical Temple.
  7369 | Temple   | Entered the Ecumenical Temple
  7682 | D:6      | Reached XP level 9. HP: 68/68 MP: 15/19
  8191 | D:7      | Found Eqyutryu's Armour Shoppe.
  8272 | D:7      | Reached skill level 9 in Necromancy
  9054 | D:7      | Killed Harold
  9649 | D:7      | Found a shimmering blue altar of Sif Muna.
  9698 | D:7      | Found an ancient bone altar of Kikubaaqudgha.
  9708 | D:7      | Became a worshipper of Kikubaaqudgha
 10341 | D:7      | Found an ornate altar of the Wu Jian Council.
 10383 | D:8      | Got a brightly glowing robe
 10394 | D:8      | Identified the +2 robe "Feraimat" {Dex+3} (You found it on
                  | level 8 of the Dungeon)
 10477 | D:8      | Reached skill level 10 in Necromancy
 10511 | D:8      | Noticed Grum
 10627 | D:8      | Reached skill level 1 in Short Blades
 11123 | D:8      | Reached XP level 10. HP: 53/77 MP: 17/22
 11496 | D:8      | Reached skill level 5 in Dodging
 11633 | D:8      | Killed Grum
 12789 | D:9      | Reached * piety under Kikubaaqudgha
 12789 | D:9      | Identified Kikubaaqudgha's Disquisition on Unholy Rites
                  | (Kikubaaqudgha gifted it to you on level 9 of the Dungeon)
 12789 | D:9      | Received a gift from Kikubaaqudgha
 12963 | D:9      | Got a jade-encrusted ring mail
 13100 | D:9      | Found Ivvetaqa's Book Boutique.
 13102 | D:9      | Found Inughimo's General Store.
 13115 | D:9      | Noticed Erolcha
 13127 | D:9      | Killed Erolcha
 13402 | D:9      | Noticed Maurice
 13432 | D:9      | Killed Maurice
 13432 | D:9      | Reached skill level 11 in Necromancy
 13639 | D:9      | Identified the +3 ring mail of the Distant Future {rF- rN+
                  | Regen+} (You found it on level 9 of the Dungeon)
 14087 | D:9      | Found a staircase to the Orcish Mines.
 14144 | D:9      | Reached ** piety under Kikubaaqudgha
 14292 | D:9      | Found Roustoq's Food Boutique.
 14995 | D:9      | Noticed Erica
 15014 | D:9      | Killed Erica
 15014 | D:9      | Reached XP level 11. HP: 71/84 MP: 0/23
 15177 | D:9      | Found Wusagijosk's Jewellery Boutique.
 15188 | D:9      | Found a hide-covered altar of Uskayaw.
 15188 | D:9      | Found an iron altar of Okawaru.
 15454 | D:9      | Noticed a two-headed ogre
 15465 | D:9      | Killed a two-headed ogre
 15755 | D:10     | Entered Level 10 of the Dungeon
 16409 | D:10     | Noticed a two-headed ogre
 16422 | D:10     | Killed a two-headed ogre
 16422 | D:10     | Reached skill level 1 in Long Blades
 16422 | D:10     | Reached skill level 1 in Armour
 16621 | D:10     | Reached skill level 12 in Necromancy
 16710 | D:10     | HP: 1/86 [something (5)]
 16712 | D:10     | Slain by an unseen horror

Levels and vault maps discovered:
D:1:      dpeg_arrival_simpleton_b, layout_basic
D:2:      layout_basic, lemuel_doored_altar, roderic_lattice_a, tso_altar,
          uniq_sigmund, uniq_crazy_yiuf_cottage
D:3:      layout_loops_ring, st_stairs_12
D:4:      layout_gridville, gammafunk_ghost_mausoleum, first_ration
D:5:      layout_cave_pools, uniq_blork_the_orc, uniq_pikel
D:6:      layout_loops_ring, nicolae_ru_awakened_eye, temple_fountains,
          serial_shops, shop, portal_sewer_entry_d, hangedman_decor_peaks_small
D:7:      lemuel_upstairs_altar, layout_rooms, grunt_temple_overflow_open,
          led_sif_pool, kennysheep_vampire_church, serial_shops, shop,
          uniq_harold
D:8:      layout_gridville, grunt_ogre_cave, minmay_manual_monstrance, uniq_grum
D:9:      layout_loops_ring, gammafunk_temple_overflow_wave, zombieorc2_lemuel,
          serial_shops, shop, shop, shop, nicolae_shop_waterfront, uniq_erica,
          uniq_erolcha, uniq_maurice
D:10:     layout_irregular_city, serial_shops, shop_statue,
          nicolae_shop_temple_entry_statues_fountains, minivault_16
Temple:   corrupted_temple

Skill      XL: |  1  2  3  4  5  6  7  8  9 10 11 |
---------------+----------------------------------+-----
Spellcasting   | 3 4 5 6 7 8 |  8.0
Fighting       | 1 2 3 4 5 6 7 8 |  8.1
Necromancy     | 5 6 7 8 10 11 12 | 12.0
Dodging        | 2 3 4 6 7 |  7.2
Short Blades   | 1 3 |  3.7
Long Blades    | 1 |  1.2
Armour         | 1 |  1.2
Stealth        | |  1.5

Action                   |  1- 3 |  4- 6 |  7- 9 | 10-12 || total
-------------------------+-------+-------+-------+-------++-------
Melee: Club              |     3 |       |       |       ||     3
       Dagger            |     4 |    13 |   157 |       ||   174
       Quick blade       |       |       |    74 |   171 ||   245
       Falchion          |       |       |       |   197 ||   197
       Scimitar          |       |       |       |    61 ||    61
 Cast: Pain              |    47 |   104 |   239 |    90 ||   480
       Animate Dead      |       |     9 |    28 |     6 ||    43
       Vampiric Draining |       |     2 |    22 |    56 ||    80
Invok: Receive Corpses   |       |       |       |     3 ||     3
Evoke: Wand              |       |       |    10 |     7 ||    17
  Use: Scroll            |     3 |     3 |    10 |     3 ||    19
 Stab: Distracted        |       |       |     1 |     2 ||     3
       Sleeping          |       |       |     1 |     1 ||     2
Armor: Robe              |     4 |    12 |   107 |   110 ||   233
Dodge: Dodged            |    13 |    27 |   299 |   292 ||   631
       Rpst.: Falchion   |       |       |       |    43 ||    43
       Scimitar          |       |       |       |    19 ||    19
